Unix NetHack Version 5.0.0-0 post-release - last build May 17 2026 04:57:42 (dc50c8380fa5e20985bfe3072449f57b8d9895ef,branch:main).

Game began 2026-05-10 04:52:48, ended 2026-05-18 04:21:41.

Anwyn, chaotic male human Barbarian

                                   -------------
                                   ..%%%%......|
                                   ----%----...---
                                    ..%@%..--....|
                                    ..@%%aa.--.".-
                                    ...aa@%%.|.....
                                    ..aA&a@a------
                                    ...a.%.--
                                  -----%-----
                                ---....@....---
                                |.....@.......|
                                |. ----%---- .|
                                |  |.......|  |
                                   |.......|
                                   |..._...|
                                   |.......|
                                   |.......|
                                   ---------

Anwyn the Raider           St:25 Dx:18 Co:17 In:9 Wi:16 Ch:9  Chaotic
Astral Plane $:0  HP:0(64) Pw:20(20) AC:-25 Xp:16 T:57503 

Latest messages:
 Death reaches out with its deadly touch.
 Lucky for you, it didn't work!
 The giant ant misses the soldier ant.
 The giant ant misses the soldier ant.
 Richard the Reaver swings his long sword named Vorpal Blade at the giant ant.
 Richard the Reaver hits the giant ant.
 The giant ant is killed!
 The Angel of Moloch points at you, then curses.
 The air crackles around the priest of Moloch.
 The priest of Moloch swings his mace.
 The priest of Moloch hits!
 The priest of Moloch just misses!
 The priest of Moloch points all around, then curses.
 The fire ant misses the soldier ant.
 The fire ant misses the soldier ant.
 The fire ant misses!
 The fire ant misses!
 The soldier ant misses the giant ant.
 The soldier ant stings the giant ant.
 The giant ant is killed!
 What do you want to use or apply? [abdeghj-nrswxzDEM-OR-U or ?*] s
 In what direction? h
 Status of the giant beetle (neutral, large):  Level 7  HP 9(26)  AC 4.
 You smite Death!
 You kill the giant beetle!
 You kill the giant ant!
 The soldier ant bites the fire ant.
 The soldier ant misses the fire ant.
 The fire ant misses the soldier ant.
 The fire ant misses the soldier ant.
 The fire ant misses!
 The fire ant just misses!
 The giant beetle bites the fire ant.
 The giant beetle bites the fire ant.
 The fire ant is killed!
 The soldier ant misses Death.
 The soldier ant misses Death.
 The soldier ant misses it.
 The soldier ant misses it.
 Death reaches out with its deadly touch.
 You feel your life force draining away...
 Death reaches out with its deadly touch.
 You feel your life force draining away...
 You die...
 Do you want your possessions identified? [ynq] (y) y
 Do you want to see your attributes? [ynq] (y) y
 Do you want an account of creatures vanquished? [ynaq] (y) y
 Do you want a list of species genocided and extinct? [ynaq] (y) y
 Do you want to see your conduct and achievements? [ynq] (y) y
 Do you want to see the dungeon overview? [ynq] (y) y

Inventory:
 Amulets  ('"')
  i - the Amulet of Yendor named AoY
 Weapons  (')')
  a - the blessed rustproof +6 Cleaver (weapon in hands)
 Armor    ('[')
  F - a blessed greased +5 elven leather helm (being worn)
  I - an uncursed rustproof +3 pair of gauntlets of power (being worn)
  q - an uncursed fireproof +1 pair of speed boots (being worn)
  A - a blessed greased fireproof +4 cloak of magic resistance (being worn)
  Y - a blessed +4 Hawaiian shirt with a tropical fish motif (being worn)
  B - a blessed greased +2 silver dragon scale mail (being worn)
 Comestibles  ('%')
  c - an uncursed K-ration
  u - an uncursed lizard corpse
 Scrolls  ('?')
  X - a blessed scroll of blank paper
 Spellbooks  ('+')
  r - the uncursed Book of the Dead
 Potions  ('!')
  p - an uncursed potion of healing
  Z - a potion of holy water
 Rings    ('=')
  C - an uncursed ring of conflict (on right hand)
  y - an uncursed ring of free action (on left hand)
  L - an uncursed ring of levitation
 Wands    ('/')
  M - a wand of cancellation (0:7)
  z - a wand of death (0:0)
  U - a wand of digging (0:3)
  d - a wand of digging (0:1)
  e - a wand of probing (0:5)
  N - a wand of secret door detection (0:5)
  D - a wand of sleep (0:5)
  j - a wand of stasis (0:0)
  n - a wand of teleportation (0:3)
  R - a wand of teleportation (0:2)
  m - a wand of teleportation (0:0)
  O - a wand of wishing (0:1)
 Tools    ('(')
  b - a blessed greased bag of holding containing 87 items
  E - an uncursed bag of holding containing 1 item
  x - an uncursed bugle
  S - the Bell of Opening (0:2)
  g - the uncursed Candelabrum of Invocation (0 of 7 candles attached)
  l - a blessed magic lamp (lit)
  w - an uncursed magic whistle
  k - an uncursed skeleton key
  s - an uncursed stethoscope
  T - an uncursed towel
  h - a blessed +0 unicorn horn
 Gems/Stones  ('*')
  V - the blessed Heart of Ahriman

Contents of the bag of holding:
  an uncursed amulet of flying
  the fireproof +3 Sting
  the rustproof +4 Ogresmasher
  the rustproof +2 Trollsbane
  the +3 Werebane
  an uncursed +0 pair of jumping boots
  17 uncursed K-rations
  25 uncursed lumps of royal jelly
  an uncursed lizard corpse
  an uncursed scroll of charging
  a blessed scroll of magic mapping
  6 uncursed scrolls of magic mapping
  3 uncursed scrolls of scare monster
  2 uncursed potions of confusion
  an uncursed potion of extra healing
  an uncursed diluted potion of extra healing
  an uncursed potion of healing
  a blessed potion of polymorph
  2 uncursed potions of polymorph
  a blessed potion of restore ability
  3 uncursed potions of restore ability
  10 potions of holy water
  a potion of unholy water
  an uncursed ring of polymorph
  an uncursed ring of polymorph control
  an uncursed ring of regeneration
  an uncursed ring of slow digestion
  an uncursed ring of teleport control
  an uncursed ring of teleport control
  a wand of death (0:3)
  a wand of digging (0:8)
  a wand of digging (0:7)
  a wand of digging (0:6)
  a wand of digging (0:6)
  a wand of digging (0:6)
  a wand of digging (0:5)
  a wand of digging (0:5)
  a wand of digging (0:4)
  a wand of digging (0:4)
  a wand of digging (0:4)
  a wand of digging (0:2)
  a wand of digging (0:2)
  a cursed wand of digging (0:0)
  a wand of enlightenment (0:10)
  a wand of opening (0:6)
  a wand of probing (0:5)
  a wand of probing (0:4)
  a wand of secret door detection (0:15)
  a blessed wand of sleep (0:4)
  a wand of sleep (0:7)
  a wand of sleep (0:5)
  a wand of sleep (0:5)
  a wand of sleep (0:3)
  a wand of stasis (0:3)
  a wand of stasis (0:1)
  a wand of teleportation (0:7)
  a wand of teleportation (0:6)
  a wand of teleportation (0:6)
  an uncursed bugle
  a can of grease (0:8)
  an expensive camera (0:75)
  an expensive camera (0:50)
  a blessed magic marker (0:49)
  a magic marker (0:40)
  a rusty +0 pick-axe named Mazebane
  7 uncursed tallow candles
  9 uncursed agate stones
  2 uncursed amber stones
  5 uncursed amethyst stones
  4 uncursed aquamarine stones
  7 uncursed black opals
  an uncursed chrysoberyl stone
  4 uncursed citrine stones
  8 uncursed diamonds
  3 uncursed emeralds
  3 uncursed fluorite stones
  2 uncursed garnet stones
  4 uncursed jacinth stones
  an uncursed jade stone
  an uncursed jasper stone
  4 uncursed jet stones
  3 uncursed opals
  3 uncursed rubies
  4 uncursed sapphires
  an uncursed topaz stone
  an uncursed turquoise stone
  2 blessed luckstones

Contents of the bag of holding:
  a blessed scroll of remove curse

Anwyn the Barbarian's attributes:

Background:
 You were a Raider, a level 16 male human Barbarian.
 You were chaotic, on a mission for Set
 who was opposed by Mitra (lawful) and Crom (neutral).
 You started out female.
 You were right-handed.
 You were in the endgame, on the Astral Plane.
 You entered the dungeon 57503 turns ago.
 It was nighttime.
 There was a new moon in effect when your adventure ended.
 You had 419450 experience points, 220550 more were needed to attain level 17.

Basics:
 You had 0 out of 64 hit points.
 You had all 20 energy points (spell power).
 Your armor class was -25.
 Your wallet was empty.
 Autopickup was on for '$"!/?=' plus thrown.

Final Characteristics:
 Your strength was 25 (base:18/18, innate limit:18/100).
 Your dexterity was 18 (limit:18).
 Your constitution was 17 (peak:18, limit:18).
 Your intelligence was 9 (limit:18).
 Your wisdom was 16 (limit:18).
 Your charisma was 9 (limit:18).

Final Status:
 You weren't hungry.
 You were unencumbered.
 You were wielding an axe.
 You had expert skill with axe.

Final Attributes:
 You were piously aligned.
 You were magic-protected.
 You were fire resistant.
 You were cold resistant.
 You were sleep resistant.
 You were disintegration resistant.
 You were shock resistant.
 You were poison resistant.
 You saw invisible.
 You were telepathic.
 You were stealthy.
 You caused conflict.
 You had a small defense bonus (+3).
 You were warded.
 You were very fast.
 You had reflection.
 You had free action.
 You were very lucky.
 You had extra luck.
 Good luck did not time out for you.
 You are dead (2nd time!).

Miscellaneous:
 You encountered 2 bones levels.
 Total elapsed playing time was 1 day, 18 hours, 49 minutes and 6 seconds.

Major events:
 Turn
    1: Anwyn the chaotic female human Barbarian entered the dungeon
  710: entered the Gnomish Mines
  813: attained the rank of Pillager (level 3)
 1930: attained the rank of Bandit (level 6)
 4176: entered Sokoban
 4963: Kopasker, the general store proprietrix, has been killed
 6651: reached Mine Town
 6684: Papar, the delicatessen proprietor, has been killed
 7014: was bestowed with Cleaver by Set
 8387: completed 1st Sokoban level
 8765: completed 2nd Sokoban level
 9047: completed 3rd Sokoban level
 9829: completed 4th Sokoban level
10098: acquired the Sokoban bag of holding
10832: attained the rank of Brigand (level 10)
10834: Izchak, the lighting store proprietor, has been killed
12827: acquired the Mines' End luckstone
14578: Sablja, the liquor emporium proprietor, has been killed
15586: performed her first genocide (disenchanters)
15878: Malazgirt, the used armor dealership proprietrix, has been killed
15975: entered the Bigroom
17201: entered Home 1, the Quest
18308: found Ogresmasher in a container
18308: found Trollsbane in a container
21402: genocided class L
25256: was bestowed with Werebane by Set
25867: killed Medusa
27685: attained the rank of Raider (level 14)
28524: entered Gehennom
30237: Pelias has granted access to proceed deeper into the quest
30245: entered Home 2, the Quest
30443: entered Home 3, the Quest
30748: entered Home 4, the Quest
30937: entered Home 5, the Quest
31091: entered Home 6, the Quest
31416: found the Heart of Ahriman on the floor
31445: killed Thoth Amon
31446: acquired the Bell of Opening
33007: genocided class h
34202: bribed Baalzebub with 110 zorkmids for safe passage
34211: killed Asmodeus
34861: the Oracle has been killed
42665: was bestowed with Sting by Set
44860: killed Orcus
51552: destroyed Vlad the Impaler
51556: acquired the Candelabrum of Invocation
53331: made his first wish - "blessed greased +2 silver dragon scale mail", got "a greased silver dragon scale mail"
54967: read a Discworld novel
55202: killed the Wizard of Yendor
55203: acquired the Book of the Dead
55343: performed the invocation
55475: killed the high priestess of Moloch
55477: acquired The Amulet of Yendor
55477: wished for "blessed magic marker", got "a magic marker"
56472: killed the Wizard of Yendor (2nd time)
56688: killed the Wizard of Yendor (3rd time)
56939: entered the Elemental Planes
56939: entered Plane of Earth
57043: entered Plane of Air
57148: entered Plane of Fire
57378: entered Plane of Water
57445: entered the Astral Plane
57462: killed Death
57471: Death has been killed (2nd time)
57476: found Frost Brand carried by a monster
57484: found Vorpal Blade carried by a monster
57498: averted death (killed by an Angel of Moloch)
57503: killed by Death

You didn't know any spells.

Skills:
 Fighting Skills
   bare handed combat [Basic]
   two weapon combat  [Basic]
   riding             [Unskilled]
 Weapon Skills
   dagger             [Unskilled]
   axe                [Expert]
   pick-axe           [Unskilled]
   short sword        [Unskilled]
   broadsword         [Unskilled]
   long sword         [Unskilled]
   two-handed sword   [Expert]
   saber              [Unskilled]
   club               [Unskilled]
   mace               [Unskilled]
   morning star       [Unskilled]
   flail              [Unskilled]
   hammer             [Unskilled]
   quarterstaff       [Unskilled]
   spear              [Unskilled]
   trident            [Unskilled]
   bow                [Unskilled]
 Spellcasting Skills
   attack spells      [Unskilled]
   escape spells      [Unskilled]

Voluntary challenges:
 Character rerolling was not enabled.
 You genocided 12 types of monsters.
 You never polymorphed an object.
 You used 2 wishes.
 You did not wish for any artifacts.
 You did not violate any of the special Sokoban rules.
Achievements:
 You entered the Gnomish Mines.
 You attained the rank of Pillager.
 You entered a shop.
 You attained the rank of Bandit.
 You entered Sokoban.
 You entered Minetown.
 You entered a temple.
 You completed Sokoban.
 You attained the rank of Brigand.
 You completed the Gnomish Mines.
 You entered the Big Room.
 You defeated Medusa.
 You attained the rank of Raider.
 You entered Gehennom.
 You had the Bell of Opening.
 You had the Candelabrum of Invocation.
 You read from a Discworld novel.
 You had the Book of the Dead.
 You gained access to Moloch's Sanctum.
 You had the Amulet of Yendor.
 You reached the Elemental Planes.
 You reached the Astral Plane.

 The Elemental Planes:
    Astral Plane: <- You were here.
       A temple and an altar.
       Final resting place for
          you, killed by Death.
    Plane of Water:
    Plane of Fire:
    Plane of Air:
    Plane of Earth:
 The Dungeons of Doom: levels 1 to 27
    Level 1:
       Some fountains.
       One way stairs up to The Elemental Planes.
    Level 2:
       An altar.
       Stairs down to The Gnomish Mines.
    Level 3:
       An untended shop, many fountains.
    Level 4:
    Level 5: "STASH, vault"
       An untended shop, a grave.
       Final resting place for
          tormagor-Wiz-Elf-Mal-Cha, killed by a small mimic.
    Level 6: "look chest by upstairs"
       A fountain, a sink, a grave.
    Level 7:
       Some fountains.
    Level 8:
       A fountain.
       Oracle of Delphi.
    Level 9:
       Stairs up to Sokoban, level 8.
    Level 10:
    Level 11:
       An untended shop.
    Level 12:
       A very big room.
    Level 13:
       A sink.
    Level 14:
    Level 15:
       Portal to The Quest.
    Level 16:
    Level 17:
       A primitive area.
    Level 18: "DEEP STASH"
       An altar to Set.
       Final resting place for
          GdeVolpiano-Tou-Hum-Fem-Neu, killed by a hill giant, while moving through the air.
    Level 19:
    Level 20:
       A fountain.
    Level 21:
       A fountain.
    Level 22:
    Level 23:
       A grave.
    Level 24: "vault"
    Level 25:
    Level 26: "stoned dragon"
    Level 27:
       The castle.
       Connection to Gehennom.
 Gehennom: levels 28 to 49
    Level 28:
       A temple and an altar, many graves.
       Valley of the Dead.
    Level 29:
    Level 30:
    Level 31:
       Some fountains.
    Level 32:
    Level 33:
    Level 34:
    Level 35:
    Level 36:
       Stairs up to Vlad's Tower, level 35.
    Level 37:
    Level 38:
    Level 39:
       Some shops, an altar, some graves.
    Level 40:
    Level 41: "top of Wizard's Tower"
    Level 42: "up around north"
    Level 43:
    Level 44:
    Level 45: "fake Wizard's Tower without portal"
    Level 46:
    Level 47: "fake Wizard's Tower with portal"
    Level 48:
    Level 49:
       A temple and an altar, many graves.
       Moloch's Sanctum.
 The Gnomish Mines: levels 3 to 10
    Level 3:
    Level 4:
    Level 5:
       Some shops, a temple and an altar to Set, some fountains.
    Level 6:
    Level 7:
    Level 8:
    Level 9:
    Level 10: "lodestone in NW cubby?"
 The Quest: levels 1 to 6
    Level 1:
       A throne, many trees.
       Completed quest for Pelias.
    Level 2:
    Level 3:
    Level 4:
    Level 5:
    Level 6:
       An altar.
 Sokoban: levels 8 up to 5
    Level 5:
       Solved.
    Level 6:
       Solved.
    Level 7:
       Solved.
    Level 8:
       Solved.
 Vlad's Tower: levels 35 up to 33
    Level 33:
       A throne.
    Level 34:
    Level 35:


Vanquished creatures:
    Asmodeus
    Orcus
 an erinys
the Wizard of Yendor (4 times)
    Death (twice)
    Vlad the Impaler
  a high cleric
  a mastodon
    Medusa
  4 krakens
  8 iron golems
  2 storm giants
  a titan
  a glass golem
 11 balrogs
    Thoth Amon
 11 purple worms
  2 gold dragons
 11 red dragons
  a white dragon
  4 orange dragons
  7 black dragons
  4 blue dragons
  3 green dragons
  a yellow dragon
 23 minotaurs
  2 jabberwocks
  8 baluchitheria
 an Angel
  8 stone golems
  2 master mind flayers
  9 Olog-hai
  2 Nazgul
 10 pit fiends
  2 sandestins
  9 hell hounds
  a displacer beast
 11 titanotheres
 10 trappers
  7 baby red dragons
  a baby yellow dragon
  3 guardian nagas
  6 genetic engineers
 28 vampire leaders
  8 skeletons
  5 shopkeepers
the Oracle
  7 aligned clerics
  6 captains
  5 shades
  3 water trolls
  a clay golem
 17 nurses
 10 ice devils
 13 nalfeshnees
  5 lurkers above
  2 Aleaxes
  a frost giant
  2 ettins
  3 golden nagas
  7 black puddings
 19 vampires
  9 lieutenants
  a watch captain
 41 ghosts
  9 queen bees
  5 winged gargoyles
  a mind flayer
 10 giant mimics
  9 long worms
 15 zruties
  4 fire giants
 15 ogre tyrants
  4 ice trolls
 56 rock trolls
  7 umber hulks
  8 flesh golems
  4 elven monarchs
  5 doppelgangers
 25 hezrous
 18 bone devils
 11 large mimics
  8 wumpuses
 13 fire vortices
  5 couatls
 12 stalkers
 12 air elementals
 32 fire elementals
 14 earth elementals
 10 water elementals
  3 hill giants
  6 giant mummies
  2 black nagas
 17 xorns
 26 giant zombies
  8 elf-nobles
 16 sergeants
  a water demon
 10 barbed devils
 25 vrocks
 17 salamanders
 13 wargs
  2 winter wolves
 14 hell hound pups
 18 small mimics
  5 glass piercers
  8 warhorses
 17 steam vortices
  9 xans
  4 ettin mummies
 12 ogre leaders
 12 quantum mechanics
 22 trolls
  3 sasquatches
  3 wood golems
  9 mariliths
  6 sharks
  2 electric eels
 11 gelatinous cubes
  7 pyrolisks
  2 large dogs
  3 freezing spheres
  8 flaming spheres
  6 shocking spheres
  5 large cats
  3 tigers
  8 gargoyles
  4 dwarf rulers
  8 tengu
 15 ochre jellies
  9 leocrottas
  4 energy vortices
  3 mountain centaurs
  4 stone giants
  6 elf mummies
  4 human mummies
  6 red nagas
  4 green slimes
  6 pythons
  3 pit vipers
  5 cobras
 45 wraiths
 11 carnivorous apes
 21 ettin zombies
  4 leather golems
  6 Grey-elves
 67 soldiers
  4 watchmen
 12 amorous demons
  8 horned devils
  5 chameleons
  6 crocodiles
 58 giant beetles
  7 quivering blobs
 18 cockatrices
 19 wolves
  7 winter wolf cubs
  3 lynxes
  4 panthers
  2 gremlins
  4 spotted jellies
 20 leprechauns
  4 orc-captains
  4 iron piercers
  4 mumakil
 21 giant spiders
  7 scorpions
 11 horses
  3 ice vortices
  a baby long worm
 13 black lights
  9 vampire bats
  3 forest centaurs
  3 gnome rulers
  2 orc mummies
  5 dwarf mummies
 81 ogres
 15 brown puddings
 12 rust monsters
  9 owlbears
  5 yetis
  4 gold golems
  3 werewolves
 10 Green-elves
  4 piranha
 10 giant eels
 20 lizards
  8 chickatrices
  5 dingoes
  5 dogs
  6 housecats
  7 jaguars
  4 dwarf leaders
  7 blue jellies
  7 white unicorns
  5 gray unicorns
  5 dust vortices
  8 ravens
  5 plains centaurs
  3 gnome mummies
 15 snakes
  5 water moccasins
 17 apes
 28 human zombies
  5 rope golems
  5 Woodland-elves
 74 soldier ants
 42 fire ants
 16 bugbears
  3 imps
  5 lemures
  9 quasits
  8 wood nymphs
  5 water nymphs
  4 mountain nymphs
 21 Mordor orcs
 24 Uruk-hai
  3 orc shamans
  8 rock piercers
  4 rock moles
  3 ponies
  5 fog clouds
 17 yellow lights
  3 shriekers
  6 violet fungi
 21 gnome leaders
 10 gnomish wizards
  5 kobold mummies
  a black naga hatchling
  6 gray oozes
  6 barrow wights
 28 elf zombies
 11 ghouls
  2 straw golems
  4 paper golems
  7 jellyfish
 74 giant ants
  2 little dogs
 17 floating eyes
  3 kittens
 27 dwarves
  a homunculus
  4 kobold leaders
  2 kobold shamans
 15 hill orcs
 21 rothes
  5 rabid rats
  4 centipedes
  5 giant bats
  2 monkeys
 17 orc zombies
 23 dwarf zombies
  2 wererats
  a werejackal
 21 iguanas
112 killer bees
  5 acid blobs
  7 coyotes
  2 gas spores
  7 hobbits
  8 manes
  a large kobold
 11 hobgoblins
  2 giant rats
  8 cave spiders
  3 yellow molds
  a green mold
 71 gnomes
 19 garter snakes
 20 gnome zombies
  4 geckos
 17 jackals
  a fox
  2 kobolds
  2 goblins
  3 sewer rats
  7 grid bugs
  8 lichens
 13 kobold zombies
 11 newts
2826 creatures vanquished.

Genocided or extinct species:
 arch-liches
 master liches
 demiliches
 master mind flayers
 disenchanters
 liches
 mind flayers
 dwarf rulers
 dwarf leaders
 bugbears
 dwarves
 killer bees (extinct)
 hobbits
12 species genocided.
1 species extinct.

Game over:
                       ----------
                      /          \
                     /    REST    \
                    /      IN      \
                   /     PEACE      \
                  /                  \
                  |      Anwyn       |
                  |       0 Au       |
                  | killed by Death  |
                  |                  |
                  |                  |
                  |                  |
                  |       2026       |
                 *|     *  *  *      | *
        _________)/\\_//(\/(/\)/\//\/|_)_______

Goodbye Anwyn the Barbarian...

You died in The Astral Plane with 1418720 points,
and 0 pieces of gold, after 57503 moves.
You were level 16 with a maximum of 64 hit points when you died.

